 Dungeon Crawl Stone Soup version 0.25-a0-578-gc91f01c39c (webtiles) character file.

Game seed: 17391445380089976216, levelgen mode: deterministic

140 An17 the Sneak (level 5, -3/29 HPs)
             Began as a Vampire Enchanter on Mar 3, 2020.
             Slain by a hobgoblin (5 damage)
             ... on level 3 of the Dungeon.
             The game lasted 00:05:01 (1645 turns).

An17 the Sneak (Vampire Enchanter)                  Turns: 1645, Time: 00:05:01

Health: -3/29      AC:  3    Str:  7    XL:     5   Next: 2%
Magic:  5/8        EV: 12    Int: 18    God:
Gold:   81         SH:  0    Dex: 15    Spells: 0/8 levels left

rFire    . . .     SeeInvis +   a - +2 dagger
rCold    + + .     Gourm    .   (no shield)
rNeg     + + +     Faith    .   b - +0 leather armour (curse)
rPois    ∞         Spirit   .   (no helmet)
rElec    .         Reflect  .   (no cloak)
rCorr    .         Harm     .   (no gloves)
MR       .....                  (no boots)
Stlth    +++++.....             (no amulet)
HPRegen  0.00/turn              (no ring)
MPRegen  0.11/turn              (no ring)

@: bloodless
A: no food, fangs 3, see invisible, unbreathing
a: Bat Form, Revivify


You were on level 3 of the Dungeon.
You were bloodless.

You visited 1 branch of the dungeon, and saw 3 of its levels.

You collected 81 gold pieces.

Inventory:

Hand Weapons
 a - a +2 dagger (weapon)
Missiles
 f - 2 atropa-tipped darts (quivered)
Armour
 b - a cursed +0 leather armour (worn)
Potions
 c - a potion of invisibility
 d - 3 potions of curing {unknown}


   Skills:
 + Level 1.0 Fighting
 + Level 2.7 Short Blades
 + Level 0.2 Armour
 + Level 2.7 Dodging
 + Level 5.7 Stealth
 + Level 2.4 Spellcasting
 + Level 5.2 Hexes
 + Level 0.6 Ice Magic


You couldn't memorise any spells.
You knew the following spells:

 Your Spells              Type           Power        Failure   Level  Hunger
a - Confusing Touch       Hex            ###.....     9%          3    N/A
b - Ensorcelled Hibernat  Hex/Ice        ##....       12%         2    N/A
c - Tukima's Dance        Hex            ###.....     9%          3    N/A

Your spell library contained the following spells:

 Spells                   Type           Power        Failure   Level  Hunger
 Corona                   Hex            ###....      3%          1    N/A
 Dazzling Flash           Conj/Hex       ##....       26%         3    N/A

Dungeon Overview and Level Annotations

Branches:
Dungeon (3/15)

Altars:
Hepliaklqana


Innate Abilities, Weirdness & Mutations

You do not eat.
You do not regenerate when monsters are visible.
You are frail without blood (-20% HP).
You can heal yourself when you bite living creatures.
You are immune to poison.
You have razor-sharp teeth.
You have supernaturally acute eyesight. (SInv)
You can survive without breathing.


Message History

You closely miss the hobgoblin.
The hobgoblin is heavily wounded.
The hobgoblin hits you.
* * * LOW HITPOINT WARNING * * *
You hit the hobgoblin but do no damage.
The hobgoblin is heavily wounded.
The hobgoblin barely misses you.
You hit the hobgoblin.
You bite the hobgoblin, but do no damage.
The hobgoblin is almost dead.
The hobgoblin hits you.
* * * LOW HITPOINT WARNING * * *
You barely miss the hobgoblin.
The hobgoblin is almost dead.
The hobgoblin hits you.
* * * LOW HITPOINT WARNING * * *
You hit the hobgoblin but do no damage.
The hobgoblin is almost dead.
The hobgoblin hits you.
You die...

###≈≈≈≈≈#..[.###
#.#≈≈≈≈≈#...... #.#≈≈≈≈≈#....#
#.###'###....# #.....#......#
###............#
#......##......#####
#......##.......g..#
#......##.......@..#
...................#
....>..#######....## #. .###
.......#######.##.####.# ...#
#......#.).............. ...#
.......#............##.###...#
.......#....(.......##.......
.......#............##...#.#
.......#............##.....#


You could see a hobgoblin.

Vanquished Creatures
  An orc wizard (D:3)
  5 adders (D:2)
  An ooze (D:2)
  A worm (D:2)
  3 dart slugs
  A leopard gecko (D:2)
  3 orcs
  7 bats
  A giant cockroach (D:1)
  8 goblins
  4 hobgoblins
  3 jackals (D:2)
  4 kobolds
  4 frilled lizards
  6 rats
52 creatures vanquished.

Notes
Turn   | Place    | Note
-------+----------+-------------------------------------------
     0 | D:1      | An17 the Vampire Enchanter began the quest for the Orb.
     0 | D:1      | Reached XP level 1. HP: 13/13 MP: 3/3
    91 | D:1      | Reached XP level 2. HP: 10/19 MP: 5/5
   105 | D:1      | Learned a level 2 spell: Ensorcelled Hibernation
   661 | D:2      | Reached XP level 3. HP: 24/25 MP: 3/6
   678 | D:2      | Learned a level 3 spell: Tukima's Dance
   693 | D:2      | Found a hazy altar of Hepliaklqana.
   907 | D:2      | Reached skill level 5 in Stealth
  1016 | D:2      | Reached skill level 5 in Hexes
  1072 | D:2      | Reached XP level 4. HP: 24/24 MP: 7/7
  1580 | D:3      | Reached skill level 1 in Fighting
  1580 | D:3      | Reached XP level 5. HP: 16/29 MP: 2/8
  1594 | D:3      | Learned a level 3 spell: Confusing Touch
  1645 | D:3      | Slain by a hobgoblin

Levels and vault maps discovered:
D:1:      minmay_arrival_stair_chambers, layout_basic
D:2:      layout_loops_ring, old_standard_altar
D:3:      layout_basic, serial_rivers, chequers_serial_rivers_room_b,
          chequers_serial_rivers_large_a, chequers_serial_rivers_room_b,
          chequers_serial_rivers_micro_c, chequers_serial_rivers_room_b,
          minmay_lizard_king, uniq_robin, uniq_crazy_yiuf_cottage

Skill      XL: |  1  2  3  4 |
---------------+-------------+-----
Short Blades   | 2 |  2.7
Stealth        | 5 |  5.7
Hexes          | 5 |  5.2
Fighting       | 1 |  1.0
Armour         | |  0.2
Dodging        | |  2.7
Spellcasting   | |  2.4
Ice Magic      | |  0.6

Action                   |  1- 3 |  4- 6 || total
-------------------------+-------+-------++-------
Melee: Dagger            |   120 |    49 ||   169
       Bite              |     2 |     2 ||     4
 Cast: Ensorcelled Hiber |     5 |     9 ||    14
       Corona            |     2 |       ||     2
 Abil: Exsanguinate      |     1 |       ||     1
  Use: Scroll            |     7 |       ||     7
 Stab: Sleeping          |    14 |    10 ||    24
Armor: Robe              |    20 |       ||    20
       Leather armour    |     2 |    17 ||    19
Dodge: Dodged            |    74 |    47 ||   121

Table legend:
 A = Non-vault XP
 B = Vault XP
 C = Vault XP percentage of total XP
 D = Non-vault monster count
 E = Vault monster count
 F = Vault count percentage of total count
                 A         B        C        D         E       F
            +---------+---------+-------+---------+---------+-------
      Total |     200 |       0 |   0.0 |      52 |       0 |   0.0
            +---------+---------+-------+---------+---------+-------
        D:1 |      34 |       0 |   0.0 |      19 |       0 |   0.0
        D:2 |     113 |       0 |   0.0 |      27 |       0 |   0.0
        D:3 |      53 |       0 |   0.0 |       6 |       0 |   0.0
            +---------+---------+-------+---------+---------+-------
